General information
- name: BNet
- type: Ladder team game (AT/RT)
- host: Battle.net
- saver: NiteOwl
map: FullScaleAssault
- players: 8
- length: 20:39
- speed: Fast
- version: 1.26 W3XP
- replay type: Public
» download(174 KB)
Players
team 1 (winner)
whocaresanyway (
teal | 65 APM | 1348 actions | 20:39)
5 Death Knight
3 Death Coil
2 Unholy Aura
1 Lich
1 Frost Nova
» actions
| Assign group hotkey | 27 | |
| Basic commands | 59 | |
| Build / train | 49 | |
| ESC pressed | 7 | |
| Enter build submenu | 34 | |
| Enter hero's abilities submenu | 6 | |
| Give item / drop item | 1 | |
| Right click | 716 | |
| Select / deselect | 221 | |
| Select group hotkey | 160 | |
| Use ability | 68 | |
1348 total
» units
| Acolyte | 7 | |
| Ghoul | 4 | |
| Crypt Fiend | 17 | |
| Frost Wyrm | 6 | |
34 total
» upgrades
| Creature Attack | 1 | |
| Web | 1 | |
| Creature Carapace | 1 | |
| Freezing Breath | 1 | |
4 total
» buildings
| Crypt | 1 | |
| Graveyard | 1 | |
| Ziggurat | 9 | |
| Altar of Darkness | 2 | |
| Tomb of Relics | 1 | |
| Halls of the Dead | 1 | |
| Necropolis | 3 | |
| Black Citadel | 1 | |
| Sacrificial Pit | 1 | |
| Boneyard | 2 | |
22 total
» build order
00:08 Crypt
00:22 Graveyard
00:37 Ziggurat
00:57 Altar of Darkness
01:52 Ziggurat
01:58 Tomb of Relics
04:04 Ziggurat
04:06 Ziggurat
04:16 Halls of the Dead
05:37 Necropolis
06:15 Ziggurat
08:43 Black Citadel
09:47 Necropolis
09:53 Sacrificial Pit
11:40 Ziggurat
11:41 Ziggurat
11:48 Boneyard
12:46 Boneyard
16:22 Necropolis
16:37 Ziggurat
16:45 Ziggurat
16:57 Altar of Darkness
» items
SwingTheCudgel (
green | 49 APM | 1012 actions | 20:39)
4 Tauren Chieftain
2 War Stomp
2 Endurance Aura
3 Blademaster
1 Wind Walk
2 Critical Strike
» actions
| Assign group hotkey | 14 | |
| Basic commands | 50 | |
| Build / train | 61 | |
| Enter build submenu | 24 | |
| Enter hero's abilities submenu | 7 | |
| Give item / drop item | 7 | |
| Right click | 270 | |
| Select / deselect | 169 | |
| Select group hotkey | 362 | |
| Use ability | 48 | |
1012 total
» units
» upgrades
| Melee Weapons | 3 | |
| Armor | 3 | |
| Pulverize | 1 | |
| Reinforced Defenses | 1 | |
8 total
» buildings
| Altar of Storms | 1 | |
| Orc Burrow | 7 | |
| Barracks | 1 | |
| War Mill | 1 | |
| Voodoo Lounge | 1 | |
| Stronghold | 1 | |
| Great Hall | 1 | |
| Fortress | 1 | |
| Tauren Totem | 2 | |
| Watch Tower | 9 | |
25 total
» build order
00:23 Altar of Storms
00:37 Orc Burrow
00:54 Barracks
01:08 War Mill
01:47 Orc Burrow
02:32 Voodoo Lounge
03:58 Stronghold
04:32 Great Hall
04:58 Orc Burrow
06:21 Fortress
08:59 Tauren Totem
09:02 Tauren Totem
09:14 Orc Burrow
09:20 Orc Burrow
09:54 Orc Burrow
10:57 Orc Burrow
12:08 Watch Tower
12:10 Watch Tower
12:22 Watch Tower
12:55 Watch Tower
13:42 Watch Tower
14:25 Watch Tower
15:28 Watch Tower
16:03 Watch Tower
17:35 Watch Tower
» items
| Periapt of Vitality | 4 | |
| Circlet of Nobility | 2 | |
| Orb of Lightning | 2 | |
| Healing Salve | 2 | |
| Scroll of Town Portal | 1 | |
11 total
NiteOwl (
blue | 59 APM | 1216 actions | 20:39)
7 Blood Mage
3 Flame Strike
2 Siphon Mana
1 Summon Phoenix
1 Banish
» actions
| Assign group hotkey | 68 | |
| Basic commands | 23 | |
| Build / train | 88 | |
| Enter build submenu | 37 | |
| Enter hero's abilities submenu | 7 | |
| Give item / drop item | 4 | |
| Remove unit from queue | 1 | |
| Right click | 491 | |
| Select / deselect | 226 | |
| Select group hotkey | 161 | |
| Use ability | 110 | |
1216 total
» units
| Peasant | 12 | |
| Footman | 5 | |
| Goblin Shredder | 1 | |
| Sorceress | 2 | |
| Gryphon Rider | 4 | |
| Goblin Sapper | 4 | |
28 total
» upgrades
| Masonry | 3 | |
| Sorceress Training | 1 | |
| Magic Sentry | 1 | |
| Swords | 3 | |
| Armor | 3 | |
| Storm Hammers | 1 | |
| Animal War Training | 1 | |
| Cloud | 1 | |
14 total
» buildings
| Altar of Kings | 1 | |
| Barracks | 1 | |
| Farm | 10 | |
| Scout Tower | 18 | |
| Arcane Tower | 1 | |
| Arcane Vault | 1 | |
| Keep | 1 | |
| Town Hall | 1 | |
| Lumber Mill | 1 | |
| Arcane Sanctum | 1 | |
| Castle | 1 | |
| Guard Tower | 6 | |
| Gryphon Aviary | 4 | |
| Blacksmith | 2 | |
49 total
» build order
00:36 Altar of Kings
00:43 Barracks
00:51 Farm
00:59 Farm
01:06 Farm
01:38 Farm
02:05 Scout Tower
02:56 Arcane Tower
03:17 Arcane Vault
03:53 Keep
04:17 Town Hall
06:07 Lumber Mill
06:31 Arcane Sanctum
06:37 Scout Tower
06:39 Scout Tower
06:40 Scout Tower
06:42 Scout Tower
06:43 Scout Tower
06:44 Scout Tower
06:45 Scout Tower
06:48 Scout Tower
07:32 Farm
07:36 Castle
07:39 Scout Tower
07:40 Scout Tower
07:41 Scout Tower
07:42 Scout Tower
07:43 Scout Tower
07:44 Scout Tower
07:48 Scout Tower
07:49 Scout Tower
07:50 Scout Tower
08:00 Guard Tower
08:53 Guard Tower
08:56 Guard Tower
09:32 Guard Tower
10:48 Gryphon Aviary
10:49 Gryphon Aviary
10:49 Gryphon Aviary
10:49 Gryphon Aviary
10:55 Blacksmith
10:56 Blacksmith
12:24 Guard Tower
12:26 Guard Tower
15:59 Farm
16:00 Farm
17:47 Farm
17:47 Farm
17:48 Farm
» items
| Scroll of Regeneration | 7 | |
| Periapt of Vitality | 1 | |
| Staff of Teleportation | 1 | |
| Potion of Invisibility | 4 | |
| Potion of Healing | 5 | |
| Potion of Mana | 2 | |
| Lesser Clarity Potion | 2 | |
| Scroll of Town Portal | 4 | |
| Mechanical Critter | 2 | |
28 total
MerryGiftmas (
pink | 168 APM | 3460 actions | 20:39)
4 Blood Mage
2 Flame Strike
2 Siphon Mana
» actions
| Assign group hotkey | 901 | |
| Basic commands | 43 | |
| Build / train | 150 | |
| ESC pressed | 1 | |
| Enter build submenu | 52 | |
| Enter hero's abilities submenu | 6 | |
| Give item / drop item | 3 | |
| Right click | 1365 | |
| Select / deselect | 375 | |
| Select group hotkey | 457 | |
| Use ability | 107 | |
3460 total
» units
| Peasant | 20 | |
| Footman | 12 | |
| Goblin Zeppelin | 5 | |
| Goblin Shredder | 4 | |
| Siege Engine | 18 | |
59 total
» upgrades
| Masonry | 3 | |
| Lumber Harvesting | 1 | |
| Gunpowder | 3 | |
| Plating | 3 | |
| Barrage | 1 | |
11 total
» buildings
| Altar of Kings | 2 | |
| Farm | 10 | |
| Barracks | 1 | |
| Town Hall | 2 | |
| Lumber Mill | 1 | |
| Scout Tower | 27 | |
| Keep | 3 | |
| Arcane Vault | 1 | |
| Guard Tower | 39 | |
| Castle | 3 | |
| Blacksmith | 1 | |
| Workshop | 5 | |
| Arcane Tower | 1 | |
96 total
» build order
00:04 Altar of Kings
00:06 Altar of Kings
00:18 Farm
00:20 Barracks
01:03 Farm
01:27 Farm
02:59 Town Hall
03:22 Farm
04:05 Lumber Mill
05:07 Scout Tower
05:09 Scout Tower
05:17 Keep
05:17 Keep
05:19 Arcane Vault
05:23 Scout Tower
05:25 Scout Tower
05:59 Guard Tower
06:01 Farm
06:06 Guard Tower
06:07 Guard Tower
06:07 Scout Tower
06:08 Guard Tower
06:08 Guard Tower
06:30 Scout Tower
06:46 Guard Tower
06:48 Scout Tower
06:58 Guard Tower
07:00 Scout Tower
07:01 Scout Tower
07:04 Scout Tower
07:35 Guard Tower
07:36 Guard Tower
07:43 Castle
07:43 Castle
07:49 Scout Tower
08:20 Blacksmith
08:25 Guard Tower
08:25 Guard Tower
08:26 Guard Tower
08:26 Guard Tower
08:40 Guard Tower
08:41 Scout Tower
08:42 Scout Tower
09:08 Workshop
09:09 Workshop
09:23 Arcane Tower
09:24 Guard Tower
09:38 Workshop
09:40 Workshop
09:44 Workshop
09:50 Farm
09:52 Farm
09:54 Farm
09:58 Scout Tower
10:00 Scout Tower
10:52 Farm
10:53 Farm
10:58 Guard Tower
10:58 Guard Tower
11:56 Scout Tower
11:58 Scout Tower
11:59 Scout Tower
13:41 Guard Tower
13:42 Guard Tower
13:42 Guard Tower
18:40 Scout Tower
18:41 Scout Tower
18:42 Scout Tower
18:43 Scout Tower
18:44 Scout Tower
19:04 Scout Tower
19:06 Scout Tower
19:07 Scout Tower
19:08 Guard Tower
19:10 Guard Tower
19:13 Guard Tower
19:13 Guard Tower
19:14 Guard Tower
19:15 Town Hall
19:44 Guard Tower
19:44 Guard Tower
19:45 Guard Tower
19:46 Guard Tower
» items
| Boots of Speed | 1 | |
| Staff of Teleportation | 1 | |
| Scroll of Regeneration | 3 | |
| Lesser Clarity Potion | 5 | |
| Potion of Healing | 2 | |
| Scroll of Town Portal | 2 | |
14 total
team 2 (loser)

»
MadPoopyButts (
purple | 32 APM | 619 actions | 19:35)
4 Blademaster
2 Wind Walk
2 Critical Strike
» actions
| Basic commands | 2 | |
| Build / train | 52 | |
| ESC pressed | 1 | |
| Enter build submenu | 22 | |
| Enter hero's abilities submenu | 4 | |
| Right click | 253 | |
| Select / deselect | 243 | |
| Use ability | 42 | |
619 total
» units
| Peon | 13 | |
| Grunt | 7 | |
| Shaman | 6 | |
| Tauren | 8 | |
34 total
» upgrades
| Melee Weapons | 2 | |
| Pillage | 1 | |
| Armor | 2 | |
| Shaman Training | 2 | |
| Pulverize | 1 | |
8 total
» buildings
| Altar of Storms | 1 | |
| Orc Burrow | 5 | |
| Barracks | 1 | |
| Voodoo Lounge | 1 | |
| Stronghold | 1 | |
| War Mill | 1 | |
| Great Hall | 1 | |
| Spirit Lodge | 1 | |
| Watch Tower | 7 | |
| Fortress | 1 | |
| Tauren Totem | 4 | |
24 total
» build order
00:15 Altar of Storms
00:17 Orc Burrow
01:17 Barracks
01:41 Voodoo Lounge
02:08 Orc Burrow
02:39 Orc Burrow
04:00 Stronghold
04:54 War Mill
05:53 Great Hall
06:23 Orc Burrow
07:01 Spirit Lodge
07:41 Watch Tower
07:43 Fortress
08:52 Watch Tower
08:59 Watch Tower
10:09 Watch Tower
10:59 Tauren Totem
11:04 Tauren Totem
11:24 Watch Tower
11:27 Watch Tower
11:38 Tauren Totem
12:41 Tauren Totem
13:36 Watch Tower
16:39 Orc Burrow
» items
| Healing Salve | 1 | |
| Scroll of Town Portal | 1 | |
| Orb of Lightning | 1 | |
3 total
visionarywarior (
red | 88 APM | 1730 actions | 19:34)
4 Blademaster
2 Wind Walk
2 Critical Strike
» actions
| Assign group hotkey | 12 | |
| Basic commands | 1 | |
| Build / train | 61 | |
| Enter build submenu | 12 | |
| Enter hero's abilities submenu | 4 | |
| Give item / drop item | 2 | |
| Right click | 756 | |
| Select / deselect | 165 | |
| Select group hotkey | 659 | |
| Use ability | 58 | |
1730 total
» units
| Peon | 12 | |
| Grunt | 8 | |
| Troll Batrider | 13 | |
33 total
» upgrades
| Ranged Weapons | 3 | |
| Liquid Fire | 1 | |
| Reinforced Defenses | 1 | |
| Armor | 1 | |
6 total
» buildings
| Altar of Storms | 1 | |
| Orc Burrow | 5 | |
| Barracks | 1 | |
| Voodoo Lounge | 1 | |
| Stronghold | 3 | |
| War Mill | 1 | |
| Beastiary | 2 | |
| Fortress | 2 | |
| Great Hall | 1 | |
17 total
» build order
00:06 Altar of Storms
00:17 Orc Burrow
00:56 Barracks
01:18 Voodoo Lounge
01:42 Orc Burrow
02:54 Stronghold
02:54 Stronghold
02:55 Stronghold
04:06 War Mill
04:14 Orc Burrow
05:26 Beastiary
05:34 Beastiary
06:27 Fortress
06:27 Fortress
07:11 Orc Burrow
08:37 Orc Burrow
16:47 Great Hall
» items
| Healing Salve | 4 | |
| Boots of Speed | 1 | |
| Lesser Clarity Potion | 1 | |
| Orb of Lightning | 1 | |
7 total

»
Compute(Random) (
orange | 57 APM | 1155 actions | 20:13)
4 Paladin
1 Holy Light
2 Devotion Aura
1 Divine Shield
» actions
| Assign group hotkey | 12 | |
| Basic commands | 1 | |
| Build / train | 71 | |
| ESC pressed | 1 | |
| Enter build submenu | 27 | |
| Enter hero's abilities submenu | 4 | |
| Give item / drop item | 3 | |
| Right click | 361 | |
| Select / deselect | 202 | |
| Select group hotkey | 390 | |
| Use ability | 83 | |
1155 total
» units
| Peasant | 26 | |
| Footman | 5 | |
| Rifleman | 3 | |
| Goblin Shredder | 4 | |
| Goblin Zeppelin | 1 | |
39 total
» upgrades
| Defend | 1 | |
| Masonry | 2 | |
| Long Rifles | 1 | |
4 total
» buildings
| Farm | 10 | |
| Barracks | 1 | |
| Altar of Kings | 1 | |
| Arcane Vault | 2 | |
| Blacksmith | 1 | |
| Lumber Mill | 1 | |
| Keep | 1 | |
| Town Hall | 1 | |
| Scout Tower | 23 | |
| Castle | 1 | |
| Guard Tower | 13 | |
55 total
» build order
00:11 Farm
00:13 Barracks
00:41 Farm
01:04 Altar of Kings
01:22 Farm
01:55 Arcane Vault
02:15 Farm
02:49 Blacksmith
03:03 Farm
03:52 Lumber Mill
03:56 Farm
03:59 Farm
06:21 Keep
06:31 Farm
06:46 Farm
07:04 Farm
08:36 Town Hall
08:39 Arcane Vault
08:43 Scout Tower
08:44 Scout Tower
08:46 Scout Tower
08:47 Scout Tower
08:49 Scout Tower
08:50 Scout Tower
08:53 Scout Tower
08:54 Scout Tower
09:09 Scout Tower
09:10 Scout Tower
09:12 Scout Tower
09:14 Scout Tower
09:15 Scout Tower
09:18 Scout Tower
09:21 Castle
09:32 Guard Tower
09:41 Guard Tower
10:31 Guard Tower
11:09 Guard Tower
11:40 Scout Tower
11:42 Scout Tower
12:13 Guard Tower
12:23 Guard Tower
12:37 Guard Tower
12:45 Scout Tower
12:48 Scout Tower
15:09 Scout Tower
15:29 Scout Tower
15:37 Scout Tower
15:46 Guard Tower
15:48 Guard Tower
15:50 Guard Tower
15:51 Guard Tower
16:15 Guard Tower
16:18 Scout Tower
16:20 Scout Tower
18:11 Guard Tower
» items
| Scroll of Regeneration | 3 | |
| Lesser Clarity Potion | 2 | |
| Orb of Lightning | 2 | |
| Scroll of Town Portal | 1 | |
8 total

»
theoneandonly44 (
yellow | 117 APM | 2425 actions | 20:38)
3 Tauren Chieftain
2 War Stomp
1 Shockwave
2 Blademaster
1 Critical Strike
1 Mirror Image
1 Shadow Hunter
1 Hex
» actions
| Assign group hotkey | 80 | |
| Basic commands | 104 | |
| Build / train | 78 | |
| ESC pressed | 1 | |
| Enter build submenu | 21 | |
| Enter hero's abilities submenu | 6 | |
| Right click | 641 | |
| Select / deselect | 321 | |
| Select group hotkey | 1131 | |
| Use ability | 42 | |
2425 total
» units
| Peon | 22 | |
| Grunt | 5 | |
| Troll Headhunter/Berserker | 16 | |
| Tauren | 4 | |
47 total
» upgrades
| Troll Regeneration | 1 | |
| Berserker Upgrade | 1 | |
| Pulverize | 1 | |
3 total
» buildings
| Orc Burrow | 6 | |
| Altar of Storms | 1 | |
| Barracks | 2 | |
| Voodoo Lounge | 1 | |
| Stronghold | 1 | |
| War Mill | 1 | |
| Fortress | 1 | |
| Great Hall | 3 | |
| Tauren Totem | 2 | |
18 total
» build order
00:04 Orc Burrow
00:23 Altar of Storms
00:43 Barracks
01:21 Voodoo Lounge
01:47 Orc Burrow
02:52 Stronghold
03:09 Orc Burrow
04:42 Orc Burrow
05:09 Barracks
05:26 War Mill
06:50 Orc Burrow
06:53 Fortress
08:15 Great Hall
09:49 Great Hall
10:22 Tauren Totem
10:22 Tauren Totem
11:23 Orc Burrow
19:24 Great Hall
» items
| Healing Salve | 1 | |
| Lesser Clarity Potion | 1 | |
| Boots of Speed | 5 | |
| Scroll of Town Portal | 4 | |
11 total
Chat log
(00:10 / Allies) MerryGiftmas: gl hf
(00:11 / Allies) SwingTheCudgel: tauren tc bm
(00:13 / All) MerryGiftmas: gl hf
(00:13 / Allies) MerryGiftmas: yo
(00:17 / Allies) SwingTheCudgel: sup
(00:23 / Allies) MerryGiftmas: expo to
(00:26 / Allies) MerryGiftmas: gyro tank proto
(00:26 / Allies) whocaresanyway: fiendswyrms dk
(00:40 / Allies) SwingTheCudgel: no lich?
(00:43 / Allies) SwingTheCudgel: j/k
(00:47 / Allies) whocaresanyway: lol
(00:48 / Allies) MerryGiftmas: lolol
(01:18 / Allies) MerryGiftmas: cudgel is a good word
(01:22 / All) NiteOwl: why blizzard always puttin me on da outside
(01:29 / All) NiteOwl: can't a brother get on the inside
(01:39 / Allies) SwingTheCudgel: swinging cudgels all day long at wigs
(01:46 / All) MerryGiftmas: its a hard knock life for a gosu
(02:18 / Allies) SwingTheCudgel: i am doing a 3 grunt tech to an expo
(02:40 / Allies) NiteOwl: im doin a game of warcraft to a jack off
(03:02 / Allies) SwingTheCudgel: interesting
(03:20 / Allies) SwingTheCudgel: game of wc3 to laundry
(03:50 / Allies) SwingTheCudgel: laundry up from wc3
(03:55 / Allies) SwingTheCudgel: gotta expo 1st
(05:21 / Allies) SwingTheCudgel: on you pink
(05:33 / Allies) MerryGiftmas: shjare blue
(05:34 / Allies) MerryGiftmas: for zep
(07:14 / Allies) MerryGiftmas: wood?
(07:44 / Allies) MerryGiftmas: wood
(07:52 / Allies) MerryGiftmas: red is mass bat btw
(08:05 / Allies) MerryGiftmas: WOOD PLZ
(08:07 / Allies) SwingTheCudgel: so tower?
(08:34 / Allies) MerryGiftmas: BLUE
(08:36 / Allies) MerryGiftmas: WE SPIRIT ANIMALS
(08:47 / Allies) NiteOwl: that dumbass canceled
(08:50 / Allies) NiteOwl: and theres no way I could have go ti
(09:11 / Allies) MerryGiftmas: WOOD
(09:29 / Allies) MerryGiftmas: 100 WOOD
(09:45 / Allies) MerryGiftmas: thx
(13:51 / Allies) MerryGiftmas: bats
(14:35 / Allies) SwingTheCudgel: repair
(15:42 / Allies) SwingTheCudgel: hitting top
(16:21 / Allies) MerryGiftmas: gold?
(16:32 / Allies) MerryGiftmas: lol thx
(17:20 / Allies) MerryGiftmas: can anyone clear expos
(18:16 / Allies) MerryGiftmas: thx teal
(19:25 / All) MadPoopyButts: every game i get someone like oj
(19:30 / All) MadPoopyButts: its inevitable
(19:32 / All) MerryGiftmas: always an excuse
(20:20 / Allies) MerryGiftmas: lol
(20:34 / All) NiteOwl: basically this was just picking on the handicapped